 Dungeon Crawl Stone Soup version 0.30-a0-29-g142975f185 (webtiles) character file.

Game seed: 3708835809359486410

41 Shayle the Sneak (level 3, -4/26 HPs)
             Began as a Vampire Enchanter on Aug 27, 2022.
             Slain by a worm (9 damage)
             ... on level 2 of the Dungeon.
             The game lasted 00:04:29 (1088 turns).

Shayle the Sneak (Vampire Enchanter)                Turns: 1088, Time: 00:04:30

Health: -4/26      AC:  2    Str:  9    XL:     3   Next: 32%
Magic:  6/6        EV: 12    Int: 17    God:
Gold:   61         SH:  0    Dex: 14    Spells: 4/6 levels left

rFire   . . .      SeeInvis +    a - +1 dagger
rCold   . . .      Faith    .    (no shield)
rNeg    . . .      Spirit   .    b - +0 robe
rPois   .          Reflect  .    (no helmet)
rElec   .          Harm     .    (no cloak)
rCorr   .          Rampage  .    (no gloves)
Will    .....                    (no boots)
Stlth   +++.......               (no amulet)
HPRegen 0.28/turn                (no ring)
MPRegen 0.10/turn                (no ring)

@: healing quickly
A: alive, fangs 3, see invisible, vampiric 2
a: Exsanguinate


You were on level 2 of the Dungeon.
You visited 1 branch of the dungeon, and saw 2 of its levels.

You collected 61 gold pieces.

Inventory:

Hand Weapons
 a - a +1 dagger (weapon)
Armour
 b - a +0 robe (worn)
 g - a +0 cloak
Scrolls
 e - a scroll of noise {unknown}
 j - 2 scrolls of teleportation
 k - a scroll of poison {unknown}
 m - a scroll of butterflies {unknown}
Potions
 c - 2 potions of invisibility
 d - a potion of mutation {unknown}
 f - a potion of heal wounds
 h - 2 potions of resistance {unknown}
 i - a potion of magic {unknown}
 l - a potion of brilliance {unknown}
 n - a potion of lignification {unknown}


   Skills:
 + Level 1.0 Fighting
 - Level 1.1 Short Blades
 + Level 2.6 Dodging
 + Level 5.0 Stealth
 + Level 2.3 Spellcasting
 + Level 4.8 Hexes


You had 4 spell levels left.
You knew the following spells:

 Your Spells              Type           Power      Damage    Failure   Level
a - Ensorcelled Hibernat  Hex/Ice        20%        N/A       11%         2

Your spell library contained the following spells:

 Spells                   Type           Power      Damage    Failure   Level
 Confusing Touch          Hex            18%        N/A       8%          3
 Tukima's Dance           Hex            18%        N/A       8%          3
 Summon Small Mammal      Summ           8%         N/A       19%         1
 Dazzling Flash           Conj/Hex       20%        N/A       21%         3
 Summon Guardian Golem    Hex/Summ       10%        N/A       21%         3
 Call Canine Familiar     Summ           2%         N/A       50%         3
 Conjure Ball Lightning   Conj/Air       1%         3x3d6     100%        6
 Discord                  Hex            9%         N/A       100%        8
 Disjunction              Tloc           1%         N/A       100%        8


Dungeon Overview and Level Annotations

Branches:
Dungeon (2/15)

Altars:


Innate Abilities, Weirdness & Mutations

Your natural rate of healing is accelerated.
You have razor-sharp teeth.
You have supernaturally acute eyesight. (SInv)
You are afflicted with vampirism and can become a bat while bloodless.


Message History

A worm is nearby!
Found a stone staircase leading down.
The worm bites you!
You hit the worm.
The worm is lightly wounded.
The worm barely misses you.
You hit the worm.
The worm is moderately wounded.
You hit the worm but do no damage. You bite the worm, but do no damage.
The worm is moderately wounded.
The worm bites you.
You hit the worm but do no damage.
The worm is moderately wounded.
You hit the worm.
The worm is heavily wounded.
The worm barely misses you.
You hit the worm but do no damage.
The worm is moderately wounded.
You hit the worm.
The worm is heavily wounded.
The worm barely misses you.
You hit the worm.
The worm is heavily wounded.
You barely miss the worm.
The worm is heavily wounded.
The worm bites you.
You hit the worm.
The worm is heavily wounded.
You completely miss the worm.
The worm is heavily wounded.
The worm barely misses you.
You hit the worm. You bite the worm.
The worm is severely wounded.
You hit the worm.
The worm is severely wounded.
The worm bites you!
* * * LOW HITPOINT WARNING * * *
You hit the worm.
The worm is almost dead.
The worm bites you!
You die...

#.## #.# #..## #.# (.# #.# #.##
#.# ### #.# #.# ##'## #.# #.#
##...## ######.# #.### ##.....##
#......# #.#.## ##.......##
#....##########....####.........#
......................+.........'
#....##########.@..####.........#
#)..## #.#w## ##.......## ###.#
#.### ##.....## #.# #.# ##...##
#.# #.# ##'## #.# #.# #####.### #
#.# #.# #.......### ###.# >.
#.###.#.#.. .##.# ........#.#


You could see a worm.

Vanquished Creatures
  4 dart slugs
  3 bats (D:1)
  A giant cockroach (D:2)
  7 goblins
  2 hobgoblins (D:1)
  4 kobolds
  2 quokkas (D:1)
  2 ball pythons (D:2)
  2 frilled lizards
  3 rats
30 creatures vanquished.

Notes
Turn   | Place    | Note
-------+----------+-------------------------------------------
     0 | D:1      | Shayle the Vampire Enchanter began the quest for the Orb.
     0 | D:1      | Reached XP level 1. HP: 13/13 MP: 3/3
    74 | D:1      | Reached XP level 2. HP: 17/20 MP: 5/5
    89 | D:1      | Learned a level 2 spell: Ensorcelled Hibernation
   390 | D:1      | Gained mutation: You are afflicted with vampirism and can
                  | become a bat while bloodless. [Vampire growth]
   390 | D:1      | Reached XP level 3. HP: 25/25 MP: 6/6
   650 | D:2      | Reached skill level 5 in Stealth
   728 | D:2      | Reached skill level 1 in Fighting
  1088 | D:2      | Slain by a worm

Illustrated notes

Levels and vault maps discovered:
D:1:      scummos_arrival_hexagon, layout_rooms
D:2:      layout_loops_corners, kennysheep_generic_room_9

Skill      XL: |  1  2  3 |
---------------+----------+-----
Stealth        | 5 |  5.0
Fighting       | 1 |  1.0
Short Blades   | |  1.1
Dodging        | |  2.6
Spellcasting   | |  2.3
Hexes          | |  4.8

Action                   || total
-------------------------++-------
Melee: Dagger            ||   102
       Bite              ||    10
       Punch             ||     2
  Use: Scroll            ||     2
 Stab: Sleeping          ||    11
Armor: Robe              ||    19
Dodge: Dodged            ||    63

Table legend: (Time is in decaauts)
 A = Elapsed time spent in this place.
 B = Non-inter-level travel time spent in this place.
 C = Inter-level travel time spent in this place.
 D = Time resting spent in this place.
 E = Time spent auto-exploring this place.
 F = Levels seen in this place.
 G = Mean time per level.
                   A        B        C        D        E       F      G
               +--------+--------+--------+--------+--------+-----+--------+
         Total |   1082 |   1053 |     29 |      0 |    676 |   2 |  541.0 |
       Dungeon |   1082 |   1053 |     29 |      0 |    676 |   2 |  541.0 |
               +--------+--------+--------+--------+--------+-----+--------+

Top non-repeatable levels by time:
     D:1: 579 daAuts
     D:2: 503 daAuts
